 Dungeon Crawl Stone Soup version 0.31-a0-187-gba352fbbf7 (webtiles) character file.

Game seed: 9565431362242196157

231 qw the Skirmisher (level 5, -10/30 HPs)
             Began as a Deep Elf Hunter on June 22, 2023.
             Mangled by an ogre
             ... wielding a +0 giant club
              (27 damage)
             ... on level 4 of the Dungeon.
             The game lasted 00:00:52 (2693 turns).

qw the Skirmisher (Deep Elf Hunter)                 Turns: 2693, Time: 00:00:52

Health: -10/30     AC:  6    Str: 10    XL:     5   Next: 73%
Magic:  7/7        EV: 11    Int: 14    God:
Gold:   61         SH:  0    Dex: 18    Spells: 4/4 levels left

rFire   . . .        Y - +0 shortbow
rCold   . . .        (shield currently unavailable)
rNeg    . . .        k - +0 ring mail
rPois   .            f - +0 helmet
rElec   .            (no cloak)
rCorr   .            (no gloves)
SInv    .            (no boots)
Will    .....        (no amulet)
Stlth   +            (no ring)
HPRegen 0.25/turn    (no ring)
MPRegen 0.10/turn

%: no passive effects
@: lethally poisoned (-10 -> -14)
A: no striking features
a: no special abilities


You were on level 4 of the Dungeon.
You visited 1 branch of the dungeon, and saw 4 of its levels.

You collected 182 gold pieces.
You spent 121 gold pieces at shops.


   Skills:
 - Level 2.1 Fighting
 + Level 9.0 Ranged Weapons
 - Level 2.4 Dodging
 - Level 1.2 Stealth


You had 4 spell levels left.
You didn't know any spells.
Your spell library was empty.

Inventory:

Hand Weapons
 Y - a +0 shortbow (weapon)
Armour
 f - a +0 helmet (worn)
 k - a +0 ring mail (worn)
Scrolls
 c - 2 scrolls of identify
 l - a scroll of noise {unknown}
Potions
 a - a potion of magic {unknown}
 b - a potion of might {unknown}
 d - a potion of mutation {unknown}
 e - a potion of berserk rage {unknown}
 g - 5 potions of curing
 h - a potion of cancellation
 i - a potion of invisibility {unknown}
 j - a potion of ambrosia {unknown}

Dungeon Overview and Level Annotations

Branches:
Dungeon (4/15)
 Temple: D:4-7

Altars:
Elyvilon
Kikubaaqudgha
Makhleb

Shops:
D:3 !


Message History

Enter note:
Enter note:
Enter note:
Enter note: An ogre and an orc come into view.
Found a ring mail.
The ogre shouts!
An adder comes into view.
Enter note:
Enter note:
Enter note:
Enter note:
Enter note:
Enter note: You shoot an arrow.
The adder hisses angrily.
The orc shouts!
The arrow hits the ogre!
The ogre is moderately wounded.
You shoot an arrow. The arrow hits the ogre.
The ogre is moderately wounded.
The ogre closely misses you.
You shoot an arrow. The arrow hits the ogre.
The ogre is heavily wounded.
The ogre closely misses you.
You shoot an arrow. The arrow barely misses the ogre.
The arrow hits the adder.
The adder is lightly wounded.
The ogre hits you with a +0 giant club!
You shoot an arrow. The arrow hits the ogre.
The ogre is severely wounded.
The orc misses you.
You shoot an arrow. The arrow hits the ogre!
The ogre is almost dead.
The ogre barely misses you. The orc misses you.
You shoot an arrow. The arrow completely misses the ogre.
The adder bites you.
You are poisoned.
The adder poisons you!
The ogre hits you with a +0 giant club!!
Ouch! That really hurt!
You die...

#########
#.......#
#.#####.#
#.# #.####
#.# #....#
#@# ####.##
...
#.....OoS..#
#....# ...
#..........#
#.#..# ..(
##.[.......#
#.#..# ..
...........#
#....# .
##.........#
###..#
#........=#
#...#
..........#
#.### #)#


You could see an ogre, an adder and an orc.

Vanquished Creatures
  2 vampire bats (D:3)
  A hound (D:4)
  An iguana (D:4)
  An adder (D:4)
  A worm (D:2)
  A dart slug (D:4)
  8 orcs
  2 ball pythons
  13 bats
  6 endoplasms
  3 giant cockroaches
  9 goblins
  3 hobgoblins
  5 jackals
  4 kobolds
  A quokka (D:1)
  A frilled lizard (D:3)
  3 rats
65 creatures vanquished.

Notes
Turn   | Place    | Note
-------+----------+-------------------------------------------
     0 | D:1      | qw the Deep Elf Hunter began the quest for the Orb.
     0 | D:1      | Reached XP level 1. HP: 12/12 MP: 3/3
     0 | D:1      | 0 ||| qw: Version: 0.3-a-9-g12657ce
     0 | D:1      | 0 ||| qw: Game counter: 2093
     0 | D:1      | 0 ||| qw: Always use a shield: true
     0 | D:1      | 0 ||| qw: God list: Okawaru
     0 | D:1      | 0 ||| qw: Allow faded altars: false
     0 | D:1      | 0 ||| qw: Do Orc after D:15 true
     0 | D:1      | 0 ||| qw: Do second Lair branch before Depths: true
     0 | D:1      | 0 ||| qw: Lair rune preference: random
     0 | D:1      | 0 ||| qw: Plans: Normal
     0 | D:1      | 0 ||| PLANNING D:1-11
   120 | D:1      | Reached XP level 2. HP: 16/16 MP: 4/4
   188 | D:1      | Reached skill level 6 in Ranged Weapons
   692 | D:1      | 692 ||| UPGRADING to +0 helmet.
   697 | D:1      | 697 ||| DROPPING ring of wizardry.
   698 | D:1      | 698 ||| READING scroll labelled WAVVER MAAR.
   699 | D:1      | 699 ||| DRINKING 2 fizzy puce potions.
   700 | D:1      | 700 ||| DROPPING scroll of butterflies.
  1076 | D:2      | 1076 ||| DROPPING +2 sling of draining.
  1116 | D:2      | Reached XP level 3. HP: 20/20 MP: 5/5
  1483 | D:2      | 1483 ||| READING scroll labelled RUDUOH KOAGREPS.
  1598 | D:3      | Reached skill level 7 in Ranged Weapons
  1691 | D:3      | Found an ancient bone altar of Kikubaaqudgha.
  1808 | D:3      | Found a white marble altar of Elyvilon.
  1985 | D:3      | Found Vumot's Distillery.
  1994 | D:3      | 1994 ||| BUYING potion of cancellation (88 gold).
  1994 | D:3      | Bought a potion of cancellation for 88 gold pieces
  1994 | D:3      | 1994 ||| BUYING potion of curing (33 gold).
  1994 | D:3      | Bought a potion of curing for 33 gold pieces
  1994 | D:3      | 1994 ||| SHOPLISTING potion of curing (33 gold, have 31).
  1994 | D:3      | 1994 ||| SHOPLISTING potion of enlightenment (55 gold, have
                  | 31).
  1994 | D:3      | 1994 ||| SHOPLISTING potion of haste (110 gold, have 31).
  1994 | D:3      | 1994 ||| SHOPLISTING potion of mutation (88 gold, have 31).
  2084 | D:3      | Reached XP level 4. HP: 25/25 MP: 6/6
  2093 | D:3      | Reached skill level 8 in Ranged Weapons
  2104 | D:3      | Reached XP level 5. HP: 24/29 MP: 7/7
  2211 | D:3      | Found a burning altar of Makhleb.
  2211 | D:3      | Noticed a cacodemon
  2398 | D:3      | 2398 ||| UPGRADING to +0 ring mail.
  2408 | D:3      | 2408 ||| DROPPING +0 leather armour.
  2515 | D:4      | Reached skill level 9 in Ranged Weapons
  2686 | D:4      | Noticed an ogre
  2693 | D:4      | Mangled by an ogre

Levels and vault maps discovered:
D:1:      heliophobic_arrival_henge, layout_loops_ring, serial_forest,
          infiniplex_forest_corner_1, infiniplex_forest_lined_1,
          infiniplex_forest_corner_1, infiniplex_forest_clump_small,
          infiniplex_forest_end_1, infiniplex_forest_lined_room_2,
          infiniplex_forest_fountain
D:2:      layout_basic, due_unseen_surprise
D:3:      layout_basic, mainiacjoe_overflow_concentric_impassable,
          makhleb_altar_promises_db, nicolae_elyvilon_peaceful_grove,
          serial_shops, nicolae_shop_trees, kennysheep_cross_room,
          roderic_batcave
D:4:      layout_basic, moated_statue, uniq_robin

Skill      XL: |  1  2  3  4  5 |
---------------+----------------+-----
Ranged Weapons | 6 7 8 9 |  9.0
Fighting       | 2 |  2.1
Dodging        | |  2.4
Stealth        | |  1.2

Action                     |  1- 3 |  4- 6 || total
---------------------------+-------+-------++-------
   Fire: Shortbow          |   106 |    84 ||   190
    Use: Scroll            |     2 |       ||     2
         Potion            |     1 |       ||     1
 Armour: Leather armour    |    18 |     8 ||    26
         Ring mail         |       |     9 ||     9
  Dodge: Dodged            |    49 |    35 ||    84

Table legend:
 A = Non-vault XP
 B = Vault XP
 C = Vault XP percentage of total XP
 D = Non-vault monster count
 E = Vault monster count
 F = Vault count percentage of total count
                 A         B        C        D         E       F
            +---------+---------+-------+---------+---------+-------
      Total |     206 |     125 |  37.8 |      57 |       8 |  12.3
            +---------+---------+-------+---------+---------+-------
        D:1 |      21 |       0 |   0.0 |      11 |       0 |   0.0
        D:2 |      25 |       0 |   0.0 |      12 |       0 |   0.0
        D:3 |      47 |     125 |  72.7 |      22 |       8 |  26.7
        D:4 |     113 |       0 |   0.0 |      12 |       0 |   0.0
            +---------+---------+-------+---------+---------+-------
